 Dungeon Crawl Stone Soup version 0.24.0-41-g2ae2f7f1be (webtiles) character file.

Game seed: 15963569169475785362, levelgen mode: deterministic

465 Iamsoldier the Cudgeler (level 6, -1/48 HPs)
             Began as a Demonspawn Fighter on Dec 11, 2019.
             Slain by an ogre
             ... wielding a +0 giant club
              (22 damage)
             ... on level 4 of the Dungeon.
             The game lasted 00:05:44 (2646 turns).

Iamsoldier the Cudgeler (Demonspawn Fighter)        Turns: 2646, Time: 00:05:44

Health: -1/48      AC: 10    Str: 18    XL:     6   Next: 80%
Magic:  6/6        EV:  8    Int:  9    God:
Gold:   117        SH:  9    Dex: 13    Spells: 5/5 levels left

rFire    . . .     SeeInvis .   a - +0 flail
rCold    . . .     Gourm    .   c - +0 shield
rNeg     . . .     Faith    .   b - +0 scale mail
rPois    .         Spirit   .   i - +2 hat
rElec    .         Reflect  .   (no cloak)
rCorr    .         Harm     .   o - +0 pair of gloves
MR       .....                  (no boots)
Stlth    ..........             (no amulet)
HPRegen  0.16/turn              (no ring)
MPRegen  0.10/turn              (no ring)

@: no status effects
A: spiny 2
a: no special abilities


You were on level 4 of the Dungeon.
You were hungry.

You visited 1 branch of the dungeon, and saw 5 of its levels.

You collected 117 gold pieces.

Inventory:

Hand Weapons
 a - a +0 flail (weapon)
Armour
 b - a +0 scale mail (worn)
 c - a +0 shield (worn)
 i - a +2 hat (worn)
 o - a +0 pair of gloves (worn)
Jewellery
 d - the ring "Myomefreuje" {rN+ Slay+4, unknown}
   (You found it on level 5 of the Dungeon)

   [ring of slaying]

   It affects your accuracy and damage with ranged weapons and melee attacks
   (+4).
   It protects you from negative energy.
Scrolls
 e - 2 scrolls of identify {unknown}
 j - a scroll of fear {unknown}
 m - 2 scrolls of remove curse {unknown}
 n - 2 scrolls of teleportation {unknown}
Potions
 h - a potion of degeneration {unknown}
 k - 2 potions of agility {unknown}
 l - a potion of resistance {unknown}
Comestibles
 f - 9 rations


   Skills:
 + Level 3.8 Fighting
 * Level 4.9 Maces & Flails
 + Level 3.6 Armour
 + Level 1.4 Dodging
 + Level 0.1 Stealth
 + Level 3.7 Shields


You had 5 spell levels left.
You didn't know any spells.
Your spell library contained the following spells:

 Spells                   Type           Power        Failure   Level  Hunger
 Magic Dart               Conj           #...         99%         1    ##.....
 Blink                    Tloc           N/A          100%        2    ###....
 Call Imp                 Summ           #.......     100%        2    ###....
 Slow                     Hex            #.......     100%        2    ###....
 Conjure Flame            Conj/Fire      #.......     100%        3    ####...
 Mephitic Cloud           Conj/Pois/Air  #.......     100%        3    ####...


Dungeon Overview and Level Annotations

Branches:
Dungeon (5/15)             Temple (0/1) D:5

Altars:
Elyvilon
Hepliaklqana
Kikubaaqudgha
Makhleb


Innate Abilities, Weirdness & Mutations

You are mostly covered in sharp spines.


Message History

Found an emerald potion and a scroll labeled ONULUI KITSUNE.
There is a stone staircase leading down here.
You sock the orc!
You kill the orc!
The ogre is struck by your spines. The ogre hits you with a +0 giant club.
A bullfrog skeleton comes into view.
You are too injured to fight recklessly!
You are too injured to fight recklessly!
You are too injured to fight recklessly!
You are too injured to fight recklessly!
You hit the ogre.
The ogre is moderately wounded.
The ogre is struck by your spines. The ogre closely misses you.
You hit the ogre.
The ogre is heavily wounded.
The ogre is struck by your spines. The ogre hits you with a +0 giant club.
You hit the ogre.
The ogre is severely wounded.
The ogre hits you with a +0 giant club!!
You die...

#### ####...###
#>.......##
#).@.......
#...O......
........!?.8.
....##.Z.......
#... ......8...
....
........... ...
........#.. ...
..#.#..##...


You could see an ogre and a bullfrog skeleton.

Vanquished Creatures
  Grinder (D:5)
  A centaur (D:2)
  2 worker ants (D:5)
  3 gnolls (D:5)
  3 adders (D:2)
  A shadow imp (D:5)
  An ooze (D:1)
  An adder skeleton (D:5)
  A worm (D:2)
  A dart slug (D:2)
  2 leopard geckos
  2 orcs
  A ball python (D:2)
  3 giant cockroaches
  3 goblins
  3 hobgoblins
  13 jackals
  4 bats (D:2)
  11 frilled lizards
  A jackal zombie (D:5)
  6 kobolds
  3 rats
67 creatures vanquished.

Notes
Turn   | Place    | Note
-------+----------+-------------------------------------------
     0 | D:1      | Iamsoldier the Demonspawn Fighter began the quest for the
                  | Orb.
     0 | D:1      | Reached XP level 1. HP: 18/18 MP: 1/1
    40 | D:1      | Reached skill level 2 in Maces & Flails
   197 | D:1      | Gained mutation: You are partially covered in sharp spines.
                  | [demonic ancestry]
   197 | D:1      | Reached XP level 2. HP: 21/24 MP: 2/2
  1158 | D:2      | Reached XP level 3. HP: 29/29 MP: 3/3
  1196 | D:2      | Found a hazy altar of Hepliaklqana.
  1289 | D:2      | Gained mutation: You are mostly covered in sharp spines.
                  | [demonic ancestry]
  1289 | D:2      | Reached XP level 4. HP: 31/35 MP: 4/4
  1369 | D:2      | Found a white marble altar of Elyvilon.
  1373 | D:2      | Found a burning altar of Makhleb.
  1408 | D:2      | Noticed a centaur
  1412 | D:2      | Killed a centaur
  1412 | D:2      | Reached skill level 3 in Maces & Flails
  1412 | D:2      | Reached XP level 5. HP: 36/41 MP: 5/5
  2138 | D:3      | Found an ancient bone altar of Kikubaaqudgha.
  2284 | D:3      | You fall into a shaft and drop 2 floors!
  2284 | D:5      | Entered Level 5 of the Dungeon
  2284 | D:5      | Noticed Grinder
  2307 | D:5      | Reached skill level 1 in Dodging
  2310 | D:5      | Reached skill level 4 in Maces & Flails
  2318 | D:5      | Paralysed by Grinder for 3 turns
  2324 | D:5      | Paralysed by Grinder for 3 turns
  2329 | D:5      | Killed Grinder
  2329 | D:5      | Reached XP level 6. HP: 14/48 MP: 6/6
  2633 | D:5      | Found a staircase to the Ecumenical Temple.
  2634 | D:5      | Got a heavily runed silver ring
  2646 | D:4      | Slain by an ogre

Levels and vault maps discovered:
D:1:      minmay_arrival_radiant_lines, layout_basic, kennysheep_flooded_box
D:2:      layout_basic, grunt_temple_overflow_open, overflow_temple_1_default
D:3:      layout_basic, overflow_temple_1_default
D:4:      layout_cave_pools, first_ration, serial_column_ruins,
          column_ruins_square_medium, column_ruins_grid_3, column_ruins_grid_2,
          column_ruins_grid_2, column_ruins_columns_straight,
          minmay_misc_feat_cross
D:5:      layout_rooms, minmay_temple_entry_proselytizer, minmay_holes,
          uniq_grinder

Skill      XL: |  1  2  3  4  5 |
---------------+----------------+-----
Maces & Flails | 2 3 4 |  4.9
Armour         | 3 |  3.6
Shields        | 3 |  3.7
Dodging        | 1 |  1.4
Fighting       | |  3.8
Stealth        | |  0.1

Action                   |  1- 3 |  4- 6 || total
-------------------------+-------+-------++-------
Melee: Flail             |    98 |    87 ||   185
  Use: Potion            |       |     3 ||     3
  Eat: Chunk             |     1 |     4 ||     5
Armor: Scale mail        |    48 |    36 ||    84
Dodge: Dodged            |    29 |    35 ||    64
Block: Shield            |    45 |    54 ||    99
